 Dungeon Crawl Stone Soup version 0.32-a0-630-g46d191b0ed (webtiles) character file.

Game seed: 5527304535044192668

2916 IdlyInterested the Carver (level 9, -5/69 HPs)
             Began as a Demonspawn Fighter on Mar 6, 2024.
             Slain by a vampire (9 damage)
             ... on level 6 of the Dungeon.
             The game lasted 00:20:02 (6174 turns).

IdlyInterested the Carver (Demonspawn Fighter)      Turns: 6174, Time: 00:20:03

Health: -5/69      AC: 15    Str: 20    XL:     9   Next: 50%
Magic:  9/9        EV:  6    Int:  8    God:
Gold:   313        SH: 11    Dex: 20    Spells: 8/8 levels left

rFire   . . .        a - +0 long sword
rCold   . . .        c - +0 buckler
rNeg    . . .        p - +0 plate armour
rPois   .            (helmet restricted)
rElec   +            t - +0 cloak
rCorr   .            (no gloves)
SInv    .            e - +0 pair of boots
Will    .....        A - amulet of reflection Stlth
                     y - +6 ring of dexterity
HPRegen 0.31/turn    (no ring)
MPRegen 0.11/turn

%: reflection
@: brilliant
A: ignite blood 1, sharp scales 2, weakness stinger 2, antennae 1, electricity
resistance, MP-powered wands
a: no special abilities


You were on level 6 of the Dungeon.
You visited 2 branches of the dungeon, and saw 7 of its levels.
You also visited: Ossuary.

You collected 313 gold pieces.

Inventory:

Hand Weapons
 a - a +0 long sword (weapon)
 I - a +0 falchion of flaming
Missiles
 d - 2 curare-tipped darts
 h - 106 stones (quivered)
 q - 7 boomerangs
 s - 4 javelins
 w - 2 poisoned darts
Armour
 c - a +0 buckler (worn)
 e - a +0 pair of boots (worn)
 p - a +0 plate armour (worn)
 t - a +0 cloak (worn)
Jewellery
 y - a +6 ring of dexterity (left hand)
 A - an amulet of reflection (around neck)
 F - a ring of wizardry
Wands
 o - a wand of light (5)
 B - a wand of warping (6)
 G - a wand of charming (9)
Scrolls
 b - 2 scrolls of fear {unknown}
 j - 2 scrolls of teleportation
 l - 2 scrolls of enchant armour {unknown}
 m - 2 scrolls of vulnerability {unknown}
 n - a scroll of revelation
 r - 2 scrolls of blinking
 u - a scroll of noise {unknown}
 x - 2 scrolls of immolation
Potions
 f - 2 potions of mutation
 g - 2 potions of brilliance
 i - 2 potions of attraction
 k - 4 potions of curing
 z - 2 potions of invisibility
 H - a potion of haste {unknown}


   Skills:
 - Level 6.0 Fighting
 + Level 9.1 Long Blades
 + Level 1.1 Throwing
 - Level 3.0 Armour
 - Level 1.0 Dodging
 - Level 1.0 Stealth
 - Level 6.0 Shields
 - Level 3.0 Evocations


You had 8 spell levels left.
You didn't know any spells.
Your spell library contained the following spells:

 Spells                   Type           Power      Damage    Failure   Level
 Magic Dart               Conj           0%         1d3       100%        1
 Necrotise                Necr           0%         1d4       100%        1
 Searing Ray              Conj           0%         2d4       100%        2
 Vampiric Draining        Necr           0%         2d6       100%        3
 Fulminant Prism          Conj/Alch      0%         3d5       100%        4
 Martyr's Knell           Necr/Summ      0%         N/A       100%        4
 Curse of Agony           Necr           0%         N/A       100%        5


Dungeon Overview and Level Annotations

Branches:
Dungeon (6/15)             Temple (1/1) D:5         Ossuary (visited)

Altars:
Ashenzari
Dithmenos
Fedhas
Gozag
Hepliaklqana
Kikubaaqudgha
Makhleb
Nemelex Xobeh
Okawaru
Qazlal
Ru
Sif Muna
Uskayaw
Vehumet
Wu Jian
Xom


Innate Abilities, Weirdness & Mutations

Your demonic aura sometimes causes spilled blood to erupt in flames.
You are mostly covered in razor-sharp scales. (AC +2, Slay +2)
You have a tail ending in a sharp stinger.
You have a pair of small antennae on your head.
You are resistant to electric shocks. (rElec)
You expend magic power (3 MP) to strengthen your wands.


Message History

The steam dragon is severely wounded.
You are engulfed in a cloud of scalding steam.
You slash the steam dragon!
The steam dragon is almost dead.
You are engulfed in a cloud of scalding steam.
The steam dragon bites you.
The steam dragon claws you but does no damage.
You hit the steam dragon.
You kill the steam dragon!
The steam dragon scales are intact enough to wear.
Training target 3.0 for Evocations reached!
Your Long Blades skill increases to level 9!
Your Evocations skill increases to level 3!
You barely miss the ogre.
The ogre is heavily wounded.
The ogre hits you with a +0 giant club!
You hit the ogre but do no damage.
The ogre is heavily wounded.
You block the ogre's attack.
You slice the ogre!!
You kill the ogre!
You hit something. Something hits you. Something bites you!
* * * LOW HITPOINT WARNING * * *
Something draws strength from your injuries!
You feel better. Something hits you.
* * * LOW HITPOINT WARNING * * *
You block something's attack.
You hit something. You tail-slap something. Something hits you!
* * * LOW HITPOINT WARNING * * *
Something bites you!
* * * LOW HITPOINT WARNING * * *
Something draws strength from your injuries!
Unknown command.
You feel better. Something hits you.
* * * LOW HITPOINT WARNING * * *
Something bites you.
* * * LOW HITPOINT WARNING * * *
Something draws strength from your injuries!
You miss something. Something hits you!
You die...

## ### .###.#
...#.#############
.#...............#
.#._.###########.#
.#...# #@# .#...#
#{# .#.#.# #.#
.#.#.# #.# .#.#.#
...O....# ..>.<#
######### .#.#.#
.#.#.# ##)# #


There were no monsters in sight!

Vanquished Creatures
  Eustachio (D:6)
  A wyvern (D:5)
  A steam dragon (D:6)
  A water moccasin (D:5)
  An ice beast (D:6)
  An orc warrior (D:6)
  4 ogres
  3 kobold brigands (D:3)
  Blork the orc (D:4)
  7 scorpions
  4 water moccasin zombies (Ossuary)
  A burial acolyte (Ossuary)
  3 killer bees (D:6)
  A howler monkey (D:6)
  3 bombardier beetles (D:5)
  A jelly (D:4)
  4 orc priests
  Crazy Yiuf (D:5)
  2 hounds
  A sleepcap (D:6)
  3 iguanas (D:6)
  An orc wizard (D:5)
  2 crocodile zombies (Ossuary)
  A bullfrog simulacrum (Ossuary)
  2 mummies (Ossuary)
  5 gnolls (D:3)
  4 adders
  A ribbon worm zombie (D:5)
  2 adder zombies (Ossuary)
  5 dart slugs
  3 ribbon worms
  10 orcs
  2 bat skeletons (D:5)
  4 bat zombies (D:5)
  4 endoplasms
  3 giant cockroaches
  14 gnoll zombies (Ossuary)
  3 goblins
  7 hobgoblins
  3 jackals (D:5)
  46 kobolds
  3 quokkas
  7 ball pythons
  3 bats
  A frilled lizard (D:1)
  A jackal zombie (Ossuary)
  2 orc zombies (Ossuary)
  A rat (D:2)
185 creatures vanquished.

Notes
Turn   | Place    | Note
-------+----------+-------------------------------------------
     0 | D:1      | IdlyInterested the Demonspawn Fighter began the quest for
                  | the Orb.
     0 | D:1      | Reached XP level 1. HP: 18/18 MP: 1/1
    86 | D:1      | Reached skill level 2 in Long Blades
    91 | D:1      | Gained mutation: You have a small tail. [demonic ancestry]
    91 | D:1      | Reached XP level 2. HP: 5/24 MP: 2/2
  1527 | D:3      | Reached XP level 3. HP: 29/29 MP: 3/3
  2384 | D:3      | Noticed a kobold brigand
  2393 | D:3      | Noticed a kobold brigand
  2402 | D:3      | Killed a kobold brigand
  2403 | D:3      | Reached skill level 3 in Long Blades
  2403 | D:3      | Reached skill level 1 in Dodging
  2403 | D:3      | Reached XP level 4. HP: 13/35 MP: 4/4
  2413 | D:3      | Killed a kobold brigand
  2414 | D:3      | Gained mutation: You are partially covered in razor-sharp
                  | scales. (AC +1, Slay +1) [demonic ancestry]
  2414 | D:3      | Reached XP level 5. HP: 7/41 MP: 5/5
  2726 | D:3      | Reached skill level 1 in Throwing
  2749 | D:3      | Reached skill level 4 in Long Blades
  2749 | D:3      | Gained mutation: Your demonic aura sometimes causes spilled
                  | blood to erupt in flames. [demonic ancestry]
  2749 | D:3      | Reached XP level 6. HP: 47/47 MP: 6/6
  2980 | D:4      | Reached skill level 1 in Evocations
  3272 | D:4      | Noticed Blork the orc
  3292 | D:4      | Killed Blork the orc
  3463 | D:4      | Reached skill level 1 in Stealth
  3463 | D:4      | Reached skill level 5 in Shields
  3503 | D:4      | Gained mutation: You are mostly covered in razor-sharp
                  | scales. (AC +2, Slay +2) [demonic ancestry]
  3503 | D:4      | Reached XP level 7. HP: 14/52 MP: 7/7
  3505 | D:4      | HP: 1/52 [orc priest/nerve-wracking pain (14)]
  3737 | D:4      | Reached skill level 5 in Long Blades
  4046 | D:5      | Entered Level 5 of the Dungeon
  4138 | D:5      | Found a staircase to the Ecumenical Temple.
  4149 | D:5      | Reached skill level 6 in Long Blades
  4159 | D:5      | Found a sand-covered staircase.
  4203 | Ossuary  | Entered an ossuary
  4251 | Ossuary  | Reached XP level 8. HP: 61/61 MP: 8/8
  4361 | Ossuary  | Reached skill level 7 in Long Blades
  4367 | Ossuary  | Reached skill level 5 in Fighting
  4952 | D:5      | Reached skill level 8 in Long Blades
  5158 | D:5      | Found an ancient bone altar of Kikubaaqudgha.
  5230 | D:5      | Found a runed translucent door.
  5231 | D:5      | Noticed Crazy Yiuf
  5350 | D:5      | Killed Crazy Yiuf
  5351 | D:5      | Gained mutation: You have a tail ending in a sharp stinger.
                  | [demonic ancestry]
  5351 | D:5      | Reached XP level 9. HP: 66/68 MP: 9/9
  5442 | Temple   | Entered the Ecumenical Temple
  5643 | D:6      | Noticed Eustachio
  5653 | D:6      | Killed Eustachio
  6082 | D:6      | Found an opulent altar of Gozag.
  6160 | D:6      | Gained mutation: You expend magic power (3 MP) to
                  | strengthen your wands. [potion of mutation]
  6160 | D:6      | Gained mutation: You are resistant to electric shocks.
                  | (rElec) [potion of mutation]
  6160 | D:6      | Gained mutation: You have a pair of small antennae on your
                  | head. [potion of mutation]
  6167 | D:6      | Reached skill level 9 in Long Blades
  6172 | D:6      | HP: 1/69 [something (7)]
  6174 | D:6      | Slain by a vampire

Illustrated notes

Levels and vault maps discovered:
D:1:      onia_arrival_pyramid, layout_rooms
D:2:      layout_basic, chequers_decorated_corner, hex_intersection,
          nicolae_wormholes
D:3:      minmay_goblin_kobold_castle, layout_rooms, serial_bayou_lagoon_a
D:4:      layout_loops_cross, minmay_misc_feat_four_crosses, uniq_blork_the_orc
D:5:      layout_loops_corners, kennysheep_vampire_church,
          minmay_temple_entry_purple_smoke, enter_ossuary_3, minmay_holes,
          uniq_crazy_yiuf_cottage
D:6:      layout_basic, nicolae_gozag_seed_capital, uniq_eustachio
Temple:   nicolae_temple_superstar

Skill      XL: |  1  2  3  4  5  6  7  8  9 |
---------------+----------------------------+-----
Long Blades    | 2 3 4 6 8 9 |  9.1
Armour         | 3 |  3.0
Shields        | 3 4 5 6 |  6.0
Dodging        | 1 |  1.0
Throwing       | 1 |  1.1
Evocations     | 1 3 |  3.0
Stealth        | 1 |  1.0
Fighting       | 4 5 6 |  6.0

Action                     |  1- 3 |  4- 6 |  7- 9 || total
---------------------------+-------+-------+-------++-------
  Melee: Long sword        |   161 |   149 |   342 ||   652
         Tailslap          |    11 |    21 |    53 ||    85
  Throw: Stone             |       |     8 |     7 ||    15
         Javelin           |       |     1 |       ||     1
    Use: Potion            |     1 |     1 |     6 ||     8
         Scroll            |       |       |     5 ||     5
   Stab: Invisible         |       |       |     2 ||     2
 Armour: Scale mail        |    67 |       |       ||    67
         Plate armour      |   120 |   185 |   192 ||   497
  Dodge: Dodged            |    74 |    51 |    59 ||   184
  Block: Buckler           |    44 |    39 |   172 ||   255
         Reflection        |       |       |     3 ||     3

Table legend: (Time is in decaauts)
 A = Elapsed time spent in this place.
 B = Non-inter-level travel time spent in this place.
 C = Inter-level travel time spent in this place.
 D = Time resting spent in this place.
 E = Time spent auto-exploring this place.
 F = Levels seen in this place.
 G = Mean time per level.
                   A        B        C        D        E       F      G
               +--------+--------+--------+--------+--------+-----+--------+
         Total |   6296 |   5296 |   1000 |    487 |   3062 |   8 |  787.0 |
       Dungeon |   6067 |   5067 |   1000 |    487 |   3062 |   6 | 1011.2 |
        Temple |      1 |      1 |      0 |      0 |      0 |   1 |    1.0 |
       Ossuary |    226 |    226 |      0 |      0 |      0 |   1 |  226.0 |
               +--------+--------+--------+--------+--------+-----+--------+

Top non-repeatable levels by time:
     D:3: 1463 daAuts
     D:5: 1240 daAuts
     D:4: 1106 daAuts
     D:2: 986 daAuts
     D:6: 657 daAuts
     D:1: 613 daAuts
 Ossuary: 226 daAuts
  Temple: 1 daAuts
